 Dungeon Crawl Stone Soup version 0.28.0-53-g5a82cb258f (webtiles) character file.

Game seed: 12074658806235811023

249 imaginelosing the Chopper (level 5, -5/47 HPs)
             Began as a Minotaur Berserker on Aug 11, 2022.
             Was a Believer of Trog.
             Slain by a gnoll
             ... wielding a +0 flail
              (7 damage)
             ... on level 4 of the Dungeon on Aug 12, 2022.
             The game lasted 00:16:23 (2670 turns).

imaginelosing the Chopper (Minotaur Berserker)      Turns: 2670, Time: 00:16:23

Health: -5/47      AC:  2    Str: 24    XL:     5   Next: 87%
Magic:  4/4        EV: 12    Int:  4    God:    Trog [**....]
Gold:   96         SH:  0    Dex:  9    Spells: 4/4 levels left

rFire   . . .      SeeInvis .   a - +0 hand axe
rCold   . . .      Faith    .   (no shield)
rNeg    . . .      Spirit   .   b - +0 animal skin
rPois   .          Reflect  .   (helmet restricted)
rElec   .          Harm     .   (no cloak)
rCorr   .          Rampage  .   (no gloves)
Will    .....                   (no boots)
Stlth   +.........              (no amulet)
HPRegen 0.15/turn               (no ring)
MPRegen 0.09/turn               (no ring)

@: no status effects
A: horns 2, retaliatory headbutt
a: Renounce Religion, Berserk, Trog's Hand


You were on level 4 of the Dungeon.
You worshipped Trog.
Trog was pleased with you.
You visited 1 branch of the dungeon, and saw 4 of its levels.

You collected 96 gold pieces.

Inventory:

Hand Weapons
 a - a +0 hand axe (weapon)
 f - a +0 mace
 k - a +0 mace
Armour
 b - a +0 animal skin (worn)
 g - a +0 kite shield
 h - a +0 robe
 m - a +0 chain mail
Jewellery
 d - a ring of see invisible
 j - a ring of fire
 l - a ring of resist corrosion
Scrolls
 e - 3 scrolls of identify {unknown}
 i - a scroll of enchant armour {unknown}
 n - a scroll of teleportation {unknown}
 o - a scroll of amnesia {unknown}
Potions
 c - a potion of mutation {unknown}


   Skills:
 + Level 4.7 Fighting
 + Level 6.4 Axes
 + Level 2.8 Armour
 + Level 3.6 Dodging
 + Level 0.3 Stealth


You had 4 spell levels left.
You didn't know any spells.
Your spell library was empty.

Dungeon Overview and Level Annotations

Branches:
Dungeon (4/15)             Temple (0/1) D:4

Altars:


Innate Abilities, Weirdness & Mutations

You have a pair of horns on your head.
You reflexively headbutt those who attack you in melee.


Message History

The gnoll's wounds heal themselves!
The gnoll hits you with a +0 flail.
You hit the gnoll shaman.
You headbutt the gnoll shaman, but do no damage.
The gnoll shaman is lightly wounded.
You barely miss the gnoll.
The gnoll hits you from afar with a +0 halberd!
The gnoll shaman hits you with a +0 club.
* * * LOW HITPOINT WARNING * * *
The gnoll misses you.
The gnoll shaman hits you with a +0 club.
* * * LOW HITPOINT WARNING * * *
A gnoll breaks down the door.
Found a stone staircase leading down.
A kobold comes into view. It is wielding a +0 short sword.
The kobold shouts!
The gnoll shaman completely misses you. The gnoll closely misses you.
The gnoll closely misses you. The gnoll shaman completely misses you.
A gnoll breaks down the door.
Found an escape hatch in the ceiling.
The gnoll hits you with a +0 flail.
* * * LOW HITPOINT WARNING * * *
The gnoll barely misses you.
The gnoll shaman mumbles some strange prayers to its god against you.
You are outlined in light.
There are monsters nearby!
You open the door.
There is an open door here.
You are no longer glowing.
The gnoll shaman calls upon its god to speed up the gnoll.
The gnoll seems to speed up.
You hit the gnoll.
The gnoll is moderately wounded.
You hit the gnoll but do no damage. The gnoll hits you with a +0 flail!
* * * LOW HITPOINT WARNING * * *
The gnoll misses you. You furiously retaliate!
You headbutt the gnoll!
You kill the gnoll!
Trog accepts your kill. The gnoll hits you with a +0 flail!
You die...

#.#.......#....###...............
#.#............###...............
#.#..............#>..............
#.#..............#.######...#####
#.'..............#'######...# #
###....................##...#####
#.....................##........
#.....................# ....
#.....####....)@......# ....
#......###....g.......+ ....
###....#......gg......# ... ####
#>...#..............#....# #..
#............K......... .. #..
#...........#'##........#.##..
#...........#.##....... #.#...
#.......#+#............ #.....
###.....#.#....g#...... ##....


You could see a gnoll shaman, 2 gnolls and a kobold.

Vanquished Creatures
  An ogre (D:4)
  Natasha (thrice) (D:2)
  2 gnolls (D:4)
  A howler monkey skeleton (D:4)
  2 adders (D:2)
  A worm (D:2)
  A dart slug (D:2)
  4 endoplasms
  2 goblins
  6 hobgoblins
  8 jackals
  2 quokkas (D:2)
  3 ball pythons
  4 bats
  3 frilled lizards
  3 kobolds
  5 rats
51 creatures vanquished.

Notes
Turn   | Place    | Note
-------+----------+-------------------------------------------
     0 | D:1      | imaginelosing the Minotaur Berserker began the quest for
                  | the Orb.
     0 | D:1      | Reached XP level 1. HP: 19/19 MP: 0/0
    96 | D:1      | You fall into a shaft and drop 1 floor!
   316 | D:2      | Reached skill level 4 in Axes
   316 | D:2      | Reached XP level 2. HP: 18/27 MP: 1/1
  1205 | D:2      | Reached XP level 3. HP: 28/33 MP: 2/2
  1252 | D:2      | Reached skill level 5 in Axes
  1358 | D:2      | Noticed Natasha
  1363 | D:2      | Killed Natasha
  1364 | D:2      | Reached XP level 4. HP: 40/40 MP: 3/3
  1385 | D:2      | Noticed Natasha
  1391 | D:2      | Killed Natasha
  1668 | D:2      | Noticed Natasha
  1677 | D:2      | Killed Natasha
  2029 | D:4      | Found a staircase to the Ecumenical Temple.
  2087 | D:4      | Reached XP level 5. HP: 46/47 MP: 4/4
  2181 | D:4      | Noticed an ogre
  2195 | D:4      | Killed an ogre
  2195 | D:4      | Reached ** piety under Trog
  2196 | D:4      | Reached skill level 6 in Axes
  2670 | D:4      | HP: 2/47 [gnoll/+0 flail (11)]
  2670 | D:4      | Slain by a gnoll

Illustrated notes

Levels and vault maps discovered:
D:1:      erik_arrival_orb_chamber, layout_basic
D:2:      layout_basic, serial_park_tiny_1, uniq_natasha
D:3:      layout_rooms, nemelex_xobeh_ov_fountains_minmay,
          shapermc_ecumenical_altar_mp_highgroup
D:4:      layout_basic, minmay_temple_entry_grid, minmay_liquid_box,
          minivault_27, minmay_stone_trees_large, grunt_ministairs_5

Skill      XL: |  1  2  3  4  5 |
---------------+----------------+-----
Axes           | 4 5 6 |  6.4
Fighting       | 4 |  4.7
Dodging        | 3 |  3.6
Armour         | |  2.8
Stealth        | |  0.3

Action                   |  1- 3 |  4- 6 || total
-------------------------+-------+-------++-------
Melee: Hand axe          |    46 |    33 ||    79
       Headbutt          |     8 |     8 ||    16
Invok: Berserk           |     2 |       ||     2
Armor: Animal skin       |    13 |     1 ||    14
Dodge: Dodged            |    68 |    39 ||   107
